 Dungeon Crawl Stone Soup version 0.24-a0-264-gf46a388 (webtiles) character file.

Game seed: 8914361658341757628

589 stupendous the Shield-Bearer (level 7, -3/54 HPs)
             Began as a Formicid Fighter on Apr 20, 2019.
             Slain by a river rat (5 damage)
             ... summoned by Eustachio
             ... on level 4 of the Dungeon.
             The game lasted 00:06:06 (3494 turns).

stupendous the Shield-Bearer (Formicid Fighter)     Turns: 3494, Time: 00:06:07

Health: -3/54      AC:  7    Str: 19 (20) XL:     7   Next: 65%
Magic:  7/7        EV:  8    Int:  5 (8)  God:
Gold:   132        SH: 10    Dex: 11 (12) Spells: 6/6 levels left

rFire    . . .     SeeInvis +   a - +0 long sword
rCold    . . .     Gourm    .   c - +0 shield
rNeg     . . .     Faith    .   b - +0 scale mail
rPois    .         Spirit   .   (helmet unavailable)
rElec    .         Reflect  .   (no cloak)
rCorr    .         Harm     .   (no gloves)
MR       +....                  (no boots)
Stlth    ..........             i - amulet of inaccuracy (curse)
HPRegen  0.18/turn              l - ring of protection from magic
MPRegen  0.10/turn              (no ring)

@: no status effects
A: permanent stasis, dig shafts and tunnels, four strong arms, antennae 3
a: Dig, Shaft Self


You were on level 4 of the Dungeon.
You were hungry.

You visited 1 branch of the dungeon, and saw 4 of its levels.

You collected 132 gold pieces.

Inventory:

Hand Weapons
 a - a +0 long sword (weapon)
Armour
 b - a +0 scale mail (worn)
 c - a +0 shield (worn)
Jewellery
 i - a cursed amulet of inaccuracy (around neck)
 l - a ring of protection from magic (left hand)
Wands
 p - a wand of clouds (1)
Potions
 d - a potion of might
 g - 3 potions of magic
 h - a potion of agility
 o - 2 potions of flight
Comestibles
 f - 6 rations


   Skills:
 - Level 4.0 Fighting
 * Level 5.4 Long Blades
 - Level 4.1 Armour
 + Level 6.9 Shields


You had 6 spell levels left.
You didn't know any spells.
Your spell library was empty.

Dungeon Overview and Level Annotations

Branches:
Dungeon (4/15)             Temple (0/1) D:4

Altars:
Elyvilon
Trog

Annotations:
D:4 Eustachio


Innate Abilities, Weirdness & Mutations

You cannot be hasted, slowed, berserked, paralysed or teleported.
You can dig through walls and to a lower floor.
Your four strong arms can wield two-handed weapons with a shield.
You have a pair of large antennae on your head. (SInv)


Message History

You feel a little less agile now.
The river rat bites you but does no damage.
You hit the river rat but do no damage.
The river rat is heavily wounded.
The river rat bites you!
* * * LOW HITPOINT WARNING * * *
You closely miss the river rat.
The river rat is heavily wounded.
You block the river rat's attack.
You barely miss the river rat.
The river rat is heavily wounded.
The river rat barely misses you.
You miss the river rat.
The river rat is heavily wounded.
The river rat bites you but does no damage.
You closely miss the river rat.
The river rat is heavily wounded.
The river rat bites you but does no damage.
The river rat bites you.
You die...

# # ..... # >...{ # .... #
###..#### ##### # .
#{....#@## #...# #######
..#..⌠..##r# #...# #......
.>.{.@...{####...###.#####
...⌠.>.⌠.....'...'........
.#.....#..###...##.####.#
#..⌠..##.# #...##.# #
#.....##.# #...##+#
............ ####.. .
##########... ... ..


You could see a river rat.

Vanquished Creatures
  A scorpion (D:4)
  A howler monkey (D:3)
  2 orc priests (D:3)
  4 orc wizards
  Jessica (D:2)
  Natasha (thrice) (D:3)
  Terence (D:2)
  Robin (D:2)
  4 gnolls
  4 adders
  An ooze (D:2)
  3 worms
  2 leopard geckos (D:3)
  10 orcs
  3 giant cockroaches
  20 goblins
  15 hobgoblins
  4 kobolds
  3 quokkas
  2 ball pythons
  13 bats
  3 frilled lizards
  9 rats
110 creatures vanquished.

Vanquished Creatures (others)
  Ijyb (D:3)
1 creature vanquished.

Grand Total: 111 creatures vanquished

Notes
Turn   | Place    | Note
-------+----------+-------------------------------------------
     0 | D:1      | stupendous the Formicid Fighter began the quest for the
                  | Orb.
     0 | D:1      | Reached XP level 1. HP: 18/18 MP: 1/1
     1 | D:1      | Noticed an electric eel
    60 | D:1      | Reached XP level 2. HP: 24/24 MP: 2/2
   208 | D:1      | Reached skill level 4 in Shields
   208 | D:1      | Reached XP level 3. HP: 17/29 MP: 3/3
   580 | D:2      | Noticed Jessica
   595 | D:2      | Killed Jessica
   595 | D:2      | Reached XP level 4. HP: 23/37 MP: 4/4
  1207 | D:2      | Noticed Terence
  1215 | D:2      | Killed Terence
  1215 | D:2      | Reached XP level 5. HP: 35/42 MP: 5/5
  1272 | D:2      | Reached skill level 5 in Shields
  1282 | D:2      | Reached XP level 6. HP: 25/48 MP: 6/6
  1543 | D:2      | Noticed Robin
  1555 | D:2      | Killed Robin
  2043 | D:3      | Noticed Ijyb
  2055 | D:3      | Killed Ijyb
  2210 | D:3      | Reached skill level 6 in Shields
  2498 | D:3      | Noticed Natasha
  2512 | D:3      | Killed Natasha
  2512 | D:3      | Reached XP level 7. HP: 50/54 MP: 7/7
  2602 | D:3      | Noticed Natasha
  2620 | D:3      | Killed Natasha
  2841 | D:3      | Found a bloodstained altar of Trog.
  2953 | D:3      | Reached skill level 5 in Long Blades
  3241 | D:3      | Noticed Natasha
  3250 | D:3      | Killed Natasha
  3284 | D:4      | Found a white marble altar of Elyvilon.
  3421 | D:4      | Found a staircase to the Ecumenical Temple.
  3432 | D:4      | Noticed Eustachio
  3452 | D:4      | HP: 2/54 [white imp/puff of frost[Eustachio] (10)]
  3490 | D:4      | HP: 1/54 [river rat[Eustachio] (7)]
  3494 | D:4      | Slain by a river rat

Levels and vault maps discovered:
D:1:      arrival_aquarium_a, layout_rooms, minmay_tall_x
D:2:      layout_basic, uniq_robin, uniq_terence, uniq_jessica
D:3:      layout_loops_cross, first_ration, trog_book, uniq_ijyb, uniq_natasha
D:4:      layout_basic, lemuel_round_altar, temple_fountains,
          gup_sewer_entry_pipe, feat_on_display, uniq_duvessa, uniq_eustachio,
          uniq_sigmund

Skill      XL: |  1  2  3  4  5  6  7 |
---------------+----------------------+-----
Shields        | 4 5 6 |  6.9
Fighting       | 4 |  4.0
Armour         | 4 |  4.1
Long Blades    | 3 4 5 |  5.4

Action                   |  1- 3 |  4- 6 |  7- 9 || total
-------------------------+-------+-------+-------++-------
Melee: Long sword        |   107 |   213 |   150 ||   470
 Abil: Dig               |       |     3 |     1 ||     4
  Use: Potion            |     2 |       |     3 ||     5
       Scroll            |       |       |     7 ||     7
  Eat: Chunk             |       |     6 |     3 ||     9
Armor: Scale mail        |    52 |    60 |    40 ||   152
       Skin              |       |       |     5 ||     5
Dodge: Dodged            |    44 |    38 |    37 ||   119
Block: Shield            |    70 |    92 |    80 ||   242
       Rpst.: Long sword |    15 |    17 |    13 ||    45

Table legend:
 A = Non-vault XP
 B = Vault XP
 C = Vault XP percentage of total XP
 D = Non-vault monster count
 E = Vault monster count
 F = Vault count percentage of total count
                 A         B        C        D         E       F
            +---------+---------+-------+---------+---------+-------
      Total |     691 |     151 |  17.9 |      92 |      18 |  16.4
            +---------+---------+-------+---------+---------+-------
        D:1 |      49 |       5 |   9.3 |      24 |       3 |  11.1
        D:2 |     177 |     110 |  38.3 |      24 |      14 |  36.8
        D:3 |     381 |      36 |   8.6 |      41 |       1 |   2.4
        D:4 |      84 |       0 |   0.0 |       3 |       0 |   0.0
            +---------+---------+-------+---------+---------+-------
